 Seeded DCSS version 0.29-a0-973-gac7da5f7f0 (webtiles) character file.

Game seed: 4969512839522129966 (custom seed)

86819 valliere the Brawler (level 15, -5/149 HPs)
             Began as a Troll Monk on July 29, 2022.
             Was the Champion of Jiyva.
             Slain by a spriggan (9 damage)
             ... on level 3 of the Lair of Beasts on Aug 1, 2022.
             The game lasted 00:58:19 (15007 turns).

valliere the Brawler (Troll Monk)                  Turns: 15007, Time: 00:58:20

Health: -5/149     AC: 31    Str: 29    XL:     15   Next: 5%
Magic:  27/27      EV:  5    Int:  8    God:    Jiyva [******]
Gold:   969        SH: 16    Dex: 12    Spells: 14/14 levels left

rFire   + + .      SeeInvis .     - Unarmed
rCold   + + +      Faith    .   o - +0 tower shield
rNeg    + . .      Spirit   .   c - +3 gold dragon scales
rPois   +          Reflect  .   (helmet restricted)
rElec   .          Harm     .   O - scarf {rC+ rF+}
rCorr   +          Rampage  .   (gloves unavailable)
Will    +....                   (boots unavailable)
Stlth   ..........              H - amulet of Nobility {rC+ Regen+ rCorr Slay+2}
HPRegen 3.54/turn               P - ring of Conformity {rN+ MP+9 Int+2}
MPRegen 0.70/turn               u - +4 ring of slaying

@: about to teleport
A: large, unfitting armour, claws 3, regeneration 1, shaggy fur 2, tough skin 1,
iridescent scales 2, high MP 3, sense surroundings 1, wild magic 1, gelatinous
body 2, translucent skin 2, tendrils
}: 1/15 runes: slimy
a: Renounce Religion, Oozemancy, Slimify


You were on level 3 of the Lair of Beasts.
You worshipped Jiyva.
Jiyva was exalted by your worship.
You visited 5 branches of the dungeon, and saw 24 of its levels.
You also visited: Sewer and Ice Cave.

You collected 969 gold pieces.

Inventory:

Missiles
 d - 97 stones
 x - 2 throwing nets
 B - 15 large rocks (quivered)
Armour
 a - a +0 robe
 c - +3 gold dragon scales (worn)
 o - a +0 tower shield (worn)
 O - a scarf of resistance (worn)
Jewellery
 e - a ring of ice
 m - a ring of see invisible
 u - a +4 ring of slaying (right claw)
 z - a +6 ring of intelligence
 C - a ring of fire
 H - the amulet of Nobility (around neck) {rC+ Regen+ rCorr Slay+2}
   (You found it on level 2 of the Lair of Beasts)

   [amulet of regeneration]

   Slay:      It affects your accuracy & damage with ranged weapons and melee
   (+2).
   rC:        It protects you from cold.
   Regen:     It increases your rate of health regeneration.
   rCorr:     It protects you from acid and corrosion.
 M - an amulet of the acrobat
 P - the ring of Conformity (left claw) {rN+ MP+9 Int+2}
   (You found it on level 5 of the Pits of Slime)

   [ring of magical power]

   Int:       It affects your intelligence (+2).
   rN:        It protects you from negative energy.
   MP:        It affects your magic capacity (+9).
Wands
 q - a wand of acid (16)
 r - a wand of flame (37)
 E - a wand of polymorph (11)
 G - a wand of mindburst (11)
 K - a wand of digging (5)
Scrolls
 f - a scroll of identify
 g - a scroll of enchant weapon
 h - 3 scrolls of immolation
 j - a scroll of silence {unknown}
 k - a scroll of brand weapon {unknown}
 l - 2 scrolls of teleportation
 n - 4 scrolls of poison {unknown}
 v - a scroll of noise {unknown}
 y - 6 scrolls of magic mapping
 A - 6 scrolls of amnesia
 D - a scroll of vulnerability {unknown}
 F - 4 scrolls of fog
 L - 3 scrolls of fear
 Q - a scroll of blinking {unknown}
Potions
 b - 2 potions of ambrosia
 i - 7 potions of heal wounds
 p - a potion of attraction {unknown}
 s - 3 potions of mutation
 t - 2 potions of flight
 w - 4 potions of curing
 J - 2 potions of might {unknown}
 N - a potion of lignification {unknown}
Miscellaneous
 I - a lightning rod (4/4)


   Skills:
 + Level 10.3 Fighting
 + Level 7.5 Throwing
 + Level 12.9 Armour
 - Level 2.5 Dodging
 - Level 1.1 Stealth
 + Level 10.8 Shields
 * Level 16.6 Unarmed Combat


You had 14 spell levels left.
You didn't know any spells.
Your spell library contained the following spells:

 Spells                   Type           Power      Damage    Failure   Level
 Ensorcelled Hibernation  Hex/Ice        0%         N/A       100%        2
 Passwall                 Tmut/Erth      0%         N/A       100%        2
 Dazzling Flash           Conj/Hex       0%         N/A       100%        3
 Inner Flame              Hex/Fire       0%         N/A       100%        3
 Swiftness                Air            0%         N/A       100%        3
 Tukima's Dance           Hex            0%         N/A       100%        3
 Airstrike                Air            0%         0-1+      100%        4
 Cause Fear               Hex            0%         N/A       100%        4
 Passage of Golubria      Tloc           0%         N/A       100%        4
 Summon Lightning Spire   Summ/Air       0%         N/A       100%        4
 Agony                    Necr           0%         N/A       100%        5
 Lightning Bolt           Conj/Air       0%         1d11      100%        5
 Silence                  Hex/Air        0%         N/A       100%        5
 Yara's Violent Unravell  Hex/Tmut       0%         3d3       100%        5
 Discord                  Hex            0%         N/A       100%        8


Dungeon Overview and Level Annotations

Branches:
Dungeon (13/15)              Lair (5/5) D:9          Shoals (0/4) Lair:3
 Spider (0/4) Lair:3        Slime (5/5) Lair:4          Orc (2/2) D:10
    Elf (1/3) Orc:2         Sewer (visited)           IceCv (visited)
 Temple: D:4-7       Vaults: D:13-14

Altars:
Dithmenos
Gozag
Hepliaklqana
Kikubaaqudgha
Makhleb
Okawaru
Trog
Wu Jian
Xom
Jiyva
Lugonu

Shops:
D:2 ?   D:12 =   Orc:2 =:[=:

Portals:
Abyss: Lair:5

Annotations:
D:13 Kirke
Lair:3 1 transporter, Pooter's ghost, journeyman MiBe
Slime:5 Royal Jelly


Innate Abilities, Weirdness & Mutations

You are too large for most types of armour.
You have claws for hands.
Your natural rate of healing is unusually fast.
You are covered in thick fur. (AC +2)
You have tough skin. (AC +1)
You are mostly covered in iridescent scales. (AC +4)
You have a greatly increased reservoir of magic. (+30% MP)
You passively map a small area around you.
Your spells are a little harder to cast, but a little more powerful.
Your pliable body absorbs attacks. (AC +2, EV +2)
Your translucent skin reduces your foes' accuracy. (Stealth+)
You are covered in slimy tendrils that may disarm your opponents.


Message History

There is a cloud of black smoke here.
Press: ? - help, . - travel You can't see that place. [a bloodstained altar of Trog.]
As you read the scroll of teleportation, it crumbles to dust.
You feel strangely unstable.
The spriggan rider hits you from afar with a +1 vorpal spear.
The spriggan rider hits you but does no damage.
Pooter's ghost completely misses you.
The spriggan hits you but does no damage.
You block the moth of wrath's attack. You block the spriggan's attack.
You mangle the spriggan!!
The spriggan is severely wounded.
The spriggan rider hits you from afar with a +1 vorpal spear!!
* * * LOW HITPOINT WARNING * * *
x2 You block the spriggan's attack.
The spriggan rider hits you from afar with a +1 demon trident of flaming!
* * * LOW HITPOINT WARNING * * *
The spriggan rider burns you.
* * * LOW HITPOINT WARNING * * *
You block Pooter's ghost's attack.
The moth of wrath goads the spriggan on!
The spriggan goes berserk!
The spriggan hits you but does no damage.
The spriggan hits you with a +0 dagger!
* * * LOW HITPOINT WARNING * * *
Your tendrils lash around the spriggan's +0 dagger and pull it to the ground!
You block the spriggan's attack. x2
You see here a +0 dagger.
You closely miss the spriggan.
The spriggan is severely wounded.
The spriggan hits you but does no damage.
The spriggan rider hits you from afar with a +1 demon trident of flaming!
* * * LOW HITPOINT WARNING * * *
The spriggan rider burns you.
* * * LOW HITPOINT WARNING * * *
You block the spriggan's attack.
The spriggan hits you but does no damage.
The spriggan hits you!
You die...

#######.####
###..#.......######
#.##...........##.#
##.....#####.....##
##...###..y###..##
#...###.#....##..#
#...#####....##..##
#####
###..##.#≈#.######..#
#...#
#....#..§#)..§#@.#..##
#...#
##..©#....=_.#iii#©..#
##...#
###...#...#..iyWi.#..##
#.#...
#.....##..#≈#....##...#
###...
#.#....#..###....#...##
#...
###....#####....##...#
###...
##P.....###.©.###..#.#
#.....
....#.....#####....###
##....
..###.#...........##
##...


You could see 2 spriggan riders, a moth of wrath, 3 spriggans and Pooter's
ghost.

Vanquished Creatures
  Saint Roka (Orc:2)
  An orc warlord (Orc:2)
  A reaper (IceCv)
  6 hydras
  2 boulder beetles
  Harold (D:9)
  3 two-headed ogres
  A catoblepas (Lair:4)
  A death yak (D:9)
  Amaemon (Lair:2)
  3 thrashing horrors (Lair:5)
  A fire crab (Lair:4)
  5 skeletal warriors (D:12)
  Pikel (D:4)
  2 deep elf pyromancers (D:12)
  An orc knight (Orc:2)
  4 orc sorcerers (Orc:2)
  4 elephants
  3 cyclopes
  2 ugly things
  A torpor snail (Lair:3)
  A merfolk siren (Lair:3)
  A gargoyle (D:10)
  A smoke demon (Lair:5)
  A black mamba (Lair:4)
  2 ice statues (IceCv)
  4 large abominations (Lair:5)
  An orange demon (Lair:2)
  An unseen horror (D:12)
  12 cane toads
  4 rime drakes
  5 komodo dragons
  3 anaconda simulacra (IceCv)
  Maggie (D:8)
  A kobold demonologist (D:11)
  5 ice devils (IceCv)
  2 entropy weaver simulacra (IceCv)
  An ancient zyme (Lair:5)
  2 polar bears
  3 trolls
  A merfolk (Lair:3)
  36 blink frogs
  10 dream sheep
  2 spriggans (Lair:5)
  A dire elephant simulacrum (IceCv)
  A shadow (D:10)
  A ynoxinul (Lair:5)
  2 air elementals
  2 wraiths
  3 hogs (D:12)
  5 chaos spawn (Lair:5)
  10 wyverns
  53 yaks
  4 basilisks
  2 steam dragons
  4 vampire mosquitoes
  Menkaure (D:4)
  4 harpy simulacra (IceCv)
  6 wargs (Orc:2)
  12 water moccasins
  An acid dragon (D:11)
  32 orc warriors
  An ice beast (D:7)
  A sky beast (D:7)
  2 black bears
  8 ogres
  11 small abominations (Lair:5)
  4 wolves (Lair:4)
  2 centaurs
  A phantom (D:10)
  8 bullfrogs
  5 kobold brigands
  A gnoll sergeant (Orc:1)
  A necrophage (D:7)
  A two-headed ogre simulacrum (IceCv)
  A cane toad simulacrum (IceCv)
  6 killer bees (D:10)
  4 electric eels
  6 howler monkeys
  3 hounds
  4 orc priests
  A gnoll bouda (D:8)
  3 jellies (Sewer)
  Jessica (D:3)
  46 orc wizards
  3 hell rats (Lair:4)
  A wolf simulacrum (IceCv)
  5 ogre zombies (D:10)
  4 adders
  9 gnolls
  A river rat (Sewer)
  2 white imps
  An ufetubus (IceCv)
  A worm (D:2)
  80 orcs
  11 endoplasms
  3 giant cockroaches
  7 goblins
  7 hobgoblins
  3 jackals (D:4)
  7 ball pythons
  4 bats
  6 frilled lizards
  3 goblin zombies (D:10)
  A hobgoblin zombie (D:10)
  21 kobolds
  2 orc skeletons (D:10)
  13 orc zombies (D:10)
  10 rats
615 creatures vanquished.

Vanquished Creatures (collateral kills)
  A hydra (Lair:4)
  A two-headed ogre (D:10)
  A boulder beetle (D:12)
  An orb spider (Lair:3)
  A gargoyle (D:12)
  2 blink frogs (Lair:4)
  2 dream sheep (Lair:4)
  A centaur (D:12)
  A troll zombie (D:10)
11 creatures vanquished.

Vanquished Creatures (others)
  An unseen horror (D:11)
  A shadow (D:11)
  A wyvern (Lair:5)
  A black bear (D:9)
  A human (D:8)
  An ogre (Orc:2)
  A centaur (D:9)
  4 bullfrogs
  A scorpion (D:7)
  40 jellies
  2 orc priests
  2 orc wizards
  A hell rat (Lair:4)
  A shadow imp (D:7)
  10 orcs
  A hobgoblin (D:4)
  A kobold (D:11)
  A ball python (D:4)
  A frilled lizard (D:3)
  A rat (D:3)
  A butterfly (D:8)
  9 demonic plants (D:1)
  64 fungi
  98 plants
  2 withered plants (D:1)
247 creatures vanquished.

Grand Total: 873 creatures vanquished

Notes
Turn   | Place    | Note
-------+----------+-------------------------------------------
     0 | D:1      | valliere the Troll Monk began the quest for the Orb.
     0 | D:1      | Reached XP level 1. HP: 22/22 MP: 0/0
    18 | D:1      | Found a faded altar of an unknown god.
    87 | D:1      | Identified a scroll of acquirement
    87 | D:1      | Acquired +2 gold dragon scales
   178 | D:1      | Reached XP level 2. HP: 29/29 MP: 1/1
  1110 | D:2      | Found Wigexzik's Magic Scroll Boutique.
  1146 | D:2      | Reached XP level 3. HP: 36/36 MP: 2/2
  1189 | D:2      | Acquired a manual of Armour
  1818 | D:3      | Noticed Jessica
  1823 | D:3      | Killed Jessica
  1824 | D:3      | Reached skill level 1 in Armour
  1824 | D:3      | Reached skill level 1 in Shields
  1824 | D:3      | Reached XP level 4. HP: 36/44 MP: 3/3
  1871 | D:3      | Found a glowing drain.
  1886 | Sewer    | Entered a sewer
  1915 | Sewer    | Reached skill level 4 in Unarmed Combat
  1989 | Sewer    | Reached XP level 5. HP: 53/53 MP: 4/4
  2067 | Sewer    | Found a viscous altar of Jiyva.
  2075 | Sewer    | Gained mutation: You are clumsy. (Dex -2) [potion of
                  | mutation]
  2075 | Sewer    | Gained mutation: Your spells are a little harder to cast,
                  | but a little more powerful. [potion of mutation]
  2075 | Sewer    | Gained mutation: You are partially covered in iridescent
                  | scales. (AC +2) [potion of mutation]
  2076 | Sewer    | Lost mutation: You are clumsy. (Dex -2) [potion of
                  | mutation]
  2076 | Sewer    | Lost mutation: Your spells are a little harder to cast, but
                  | a little more powerful. [potion of mutation]
  2076 | Sewer    | Lost mutation: You are partially covered in iridescent
                  | scales. (AC +2) [potion of mutation]
  2076 | Sewer    | Gained mutation: You have large cloven feet. [potion of
                  | mutation]
  2076 | Sewer    | Gained mutation: Your mind is acute. (Int +4, Str/Dex -1)
                  | [potion of mutation]
  2077 | Sewer    | Became a worshipper of Jiyva Juisebre the Shapeless
  2077 | Sewer    | Reached * piety under Jiyva
  2077 | Sewer    | Reached ** piety under Jiyva
  2214 | D:3      | Found a bloodstained altar of Trog.
  2567 | D:4      | Reached XP level 6. HP: 61/61 MP: 5/5
  2597 | D:4      | Noticed Menkaure
  2603 | D:4      | Killed Menkaure
  2604 | D:4      | Reached skill level 5 in Unarmed Combat
  2748 | D:4      | Noticed Pikel
  2764 | D:4      | Killed Pikel
  2765 | D:4      | Reached skill level 6 in Unarmed Combat
  2765 | D:4      | Reached XP level 7. HP: 70/70 MP: 6/6
  2771 | D:4      | You fall into a shaft and drop 3 floors!
  2859 | D:7      | Noticed a steam dragon
  2870 | D:7      | Killed a steam dragon
  2871 | D:7      | Reached XP level 8. HP: 78/78 MP: 7/7
  2876 | D:7      | Reached *** piety under Jiyva
  2941 | D:7      | Reached skill level 7 in Unarmed Combat
  3022 | D:7      | Lost mutation: You have large cloven feet. [Jiyva's grace]
  3022 | D:7      | Gained mutation: Your mind is very acute. (Int +8, Str/Dex
                  | -2) [Jiyva's grace]
  3022 | D:7      | Gained mutation: You have acidic saliva. [Jiyva's grace]
  3022 | D:7      | Gained mutation: You are agile. (Dex +4, Str/Int -1)
                  | [Jiyva's grace]
  3022 | D:7      | Gained mutation: You are very agile. (Dex +8, Str/Int -2)
                  | [Jiyva's grace]
  3046 | D:7      | Reached skill level 5 in Armour
  3393 | D:8      | Noticed Maggie
  3401 | D:8      | Killed Maggie
  3481 | D:8      | Noticed a two-headed ogre
  3488 | D:8      | HP: 2/79 [two-headed ogre/+0 giant club (21)]
  3499 | D:8      | Reached skill level 8 in Unarmed Combat
  3505 | D:8      | Killed a two-headed ogre
  3506 | D:8      | Reached skill level 5 in Fighting
  3506 | D:8      | Reached XP level 9. HP: 43/88 MP: 8/8
  3588 | D:8      | Found a hazy altar of Hepliaklqana.
  3596 | D:8      | Reached skill level 5 in Shields
  3603 | D:8      | Found an ancient bone altar of Kikubaaqudgha.
  3677 | D:8      | Found an ornate altar of the Wu Jian Council.
  3944 | D:8      | Found a shimmering altar of Xom.
  3948 | D:8      | Reached **** piety under Jiyva
  4027 | D:8      | Found an iron altar of Okawaru.
  4285 | D:9      | Noticed Harold
  4288 | D:9      | Noticed a death yak
  4288 | D:9      | Noticed an elephant
  4311 | D:9      | Reached skill level 9 in Unarmed Combat
  4319 | D:9      | Killed Harold
  4327 | D:9      | Killed a death yak
  4328 | D:9      | Reached XP level 10. HP: 90/98 MP: 9/9
  4333 | D:9      | Killed an elephant
  4353 | D:9      | Found a staircase to the Lair.
  4417 | D:9      | Lost mutation: Your mind is very acute. (Int +8, Str/Dex
                  | -2) [Jiyva's grace]
  4417 | D:9      | Gained mutation: Your mind is very acute. (Int +8, Str/Dex
                  | -2) [Jiyva's grace]
  4417 | D:9      | Gained mutation: Your melee attacks may engulf your foes in
                  | ooze. [Jiyva's grace]
  4417 | D:9      | Gained mutation: You are partially covered in iridescent
                  | scales. (AC +2) [Jiyva's grace]
  4417 | D:9      | Gained mutation: You are mostly covered in iridescent
                  | scales. (AC +4) [Jiyva's grace]
  4564 | D:9      | Reached skill level 10 in Unarmed Combat
  4919 | D:10     | Entered Level 10 of the Dungeon
  5027 | D:10     | Noticed a two-headed ogre
  5031 | D:10     | Killed a two-headed ogre
  5078 | D:10     | Reached ***** piety under Jiyva
  5084 | D:10     | Noticed a gargoyle
  5093 | D:10     | Killed a gargoyle
  5149 | D:10     | Reached skill level 11 in Unarmed Combat
  5172 | D:10     | Noticed a two-headed ogre
  5173 | D:10     | Found a staircase to the Orcish Mines.
  5181 | D:10     | Killed a two-headed ogre
  5301 | D:10     | Found a burning altar of Makhleb.
  5301 | D:10     | Noticed an Executioner
  5354 | D:10     | Reached XP level 11. HP: 107/107 MP: 10/10
  5376 | D:10     | Found an opulent altar of Gozag.
  6129 | D:11     | Gained mutation: You are covered in thick fur. (AC +2)
                  | [Jiyva's grace]
  6129 | D:11     | Gained mutation: Your thick and shaggy fur keeps you warm.
                  | (AC +3, rC+) [Jiyva's grace]
  6129 | D:11     | Gained mutation: You have a small jelly attached to you
                  | that senses nearby items. [Jiyva's grace]
  6129 | D:11     | Gained mutation: You are covered in slimy tendrils that may
                  | disarm your opponents. [Jiyva's grace]
  6260 | D:11     | Noticed a boulder beetle
  6274 | D:11     | Killed a boulder beetle
  6354 | D:11     | Identified the +0 chain mail of Inuanorgh {Rampage rC+
                  | Dex+3}
  6364 | D:11     | Noticed a sixfirhy
  6744 | D:12     | Noticed a boulder beetle
  6749 | D:12     | Noticed a boulder beetle
  6756 | D:12     | Reached skill level 12 in Unarmed Combat
  6762 | D:12     | Killed a boulder beetle
  6766 | D:12     | Killed a boulder beetle
  6778 | D:12     | Identified the +1 helmet of Heimalof {Contam rElec rCorr
                  | Str+4}
  6790 | D:12     | Reached skill level 10 in Armour
  6811 | D:12     | Noticed a white ugly thing
  6818 | D:12     | Killed a white ugly thing
  6820 | D:12     | Noticed a deep elf pyromancer
  6821 | D:12     | Found Fiuhaux's Jewellery Shoppe.
  6834 | D:12     | Killed a deep elf pyromancer
  6835 | D:12     | Reached skill level 1 in Throwing
  6847 | D:12     | Noticed a skeletal warrior
  6866 | D:12     | Noticed a skeletal warrior
  6867 | D:12     | Killed a skeletal warrior
  6882 | D:12     | Killed a skeletal warrior
  6898 | D:12     | Noticed a skeletal warrior
  6899 | D:12     | Noticed a skeletal warrior
  6914 | D:12     | Killed a skeletal warrior
  6915 | D:12     | Reached XP level 12. HP: 58/119 MP: 11/11
  6957 | D:12     | Reached ****** piety under Jiyva
  7031 | D:12     | Reached skill level 13 in Unarmed Combat
  7224 | D:13     | Noticed Kirke
  7225 | D:13     | Noticed a sphinx
  7332 | Lair:1   | Entered Level 1 of the Lair of Beasts
  7541 | Lair:1   | Noticed a five-headed hydra
  7556 | Lair:1   | Killed a 17-headed hydra
  7881 | Lair:1   | Lost mutation: You are very agile. (Dex +8, Str/Int -2)
                  | [Jiyva's grace]
  7881 | Lair:1   | Lost mutation: You are agile. (Dex +4, Str/Int -1) [Jiyva's
                  | grace]
  7881 | Lair:1   | Lost mutation: You are covered in slimy tendrils that may
                  | disarm your opponents. [Jiyva's grace]
  7881 | Lair:1   | Gained mutation: Your translucent skin slightly reduces
                  | your foes' accuracy. (Stealth+) [Jiyva's grace]
  7881 | Lair:1   | Gained mutation: Your translucent skin reduces your foes'
                  | accuracy. (Stealth+) [Jiyva's grace]
  7881 | Lair:1   | Gained mutation: Your transparent skin significantly
                  | reduces your foes' accuracy. (Stealth+) [Jiyva's grace]
  7881 | Lair:1   | Gained mutation: Your flesh is cold resistant. (rC+)
                  | [Jiyva's grace]
  8109 | Lair:2   | Noticed a five-headed hydra
  8121 | Lair:2   | Killed a ten-headed hydra
  8240 | Lair:2   | Identified the amulet of Nobility {rC+ Regen+ rCorr Slay+2}
  8637 | Lair:2   | Reached skill level 14 in Unarmed Combat
  8761 | Lair:2   | Noticed a five-headed hydra
  8772 | Lair:2   | Killed a five-headed hydra
  8876 | Lair:2   | Noticed Amaemon
  8880 | Lair:2   | Reached XP level 13. HP: 128/128 MP: 12/12
  8887 | Lair:2   | Killed Amaemon
  9412 | Lair:3   | You fall into a shaft and drop 1 floor!
  9466 | Lair:4   | Reached skill level 5 in Throwing
  9608 | Lair:4   | Lost mutation: Your mind is very acute. (Int +8, Str/Dex
                  | -2) [Jiyva's grace]
  9608 | Lair:4   | Lost mutation: Your flesh is cold resistant. (rC+) [Jiyva's
                  | grace]
  9608 | Lair:4   | Lost mutation: You have a small jelly attached to you that
                  | senses nearby items. [Jiyva's grace]
  9608 | Lair:4   | Lost mutation: Your melee attacks may engulf your foes in
                  | ooze. [Jiyva's grace]
  9608 | Lair:4   | Gained mutation: You are covered in slimy tendrils that may
                  | disarm your opponents. [Jiyva's grace]
  9608 | Lair:4   | Gained mutation: You passively map a small area around you.
                  | [Jiyva's grace]
  9608 | Lair:4   | Gained mutation: You passively map the area around you.
                  | [Jiyva's grace]
  9608 | Lair:4   | Gained mutation: You passively map a large area around you.
                  | [Jiyva's grace]
  9649 | Lair:4   | Found a staircase to the Slime Pits.
  9805 | Lair:4   | Reached skill level 15 in Unarmed Combat
 10192 | Lair:5   | Entered Level 5 of the Lair of Beasts
 10342 | Lair:5   | Upgraded the game from 0.29-a0-925-g0a7a3d12f8 to
                  | 0.29-a0-962-gc8bbfd0a37
 10347 | Lair:5   | Reached XP level 14. HP: 138/140 MP: 13/13
 10619 | Lair:5   | Found a shadowy altar of Dithmenos.
 10738 | Lair:5   | Reached skill level 10 in Shields
 10819 | Lair:5   | Upgraded the game from 0.29-a0-962-gc8bbfd0a37 to
                  | 0.29-a0-973-gac7da5f7f0
 10971 | Lair:5   | Found a corrupted altar of Lugonu.
 10971 | Lair:5   | Found a one-way gate to the infinite horrors of the Abyss.
 11473 | Slime:1  | Entered Level 1 of the Pits of Slime
 11474 | Slime:1  | Noticed an azure jelly
 11549 | Slime:2  | Noticed an azure jelly
 11550 | Slime:2  | Noticed an azure jelly
 11595 | Slime:2  | Noticed an acid blob
 11617 | Slime:3  | Noticed an azure jelly
 11621 | Slime:3  | Noticed a rockslime
 11643 | Slime:3  | Noticed an azure jelly
 11676 | Slime:3  | Noticed an acid blob
 11677 | Slime:3  | Noticed an acid blob
 11686 | Slime:3  | Noticed an acid blob
 11687 | Slime:3  | Noticed a rockslime
 11722 | Slime:3  | Noticed a rockslime
 11722 | Slime:3  | Noticed an acid blob
 11734 | Slime:3  | Noticed a rockslime
 11809 | Slime:5  | Entered Level 5 of the Pits of Slime
 11815 | Slime:5  | Noticed a rockslime
 11816 | Slime:5  | Noticed a quicksilver ooze
 11932 | Slime:5  | Noticed a rockslime
 11938 | Slime:5  | Noticed the Royal Jelly
 11955 | Slime:5  | Noticed an acid blob
 11980 | Slime:5  | Noticed a quicksilver ooze
 11981 | Slime:5  | Found a viscous altar of Jiyva.
 11982 | Slime:5  | Noticed a rockslime
 11982 | Slime:5  | Noticed an azure jelly
 11983 | Slime:5  | Noticed an acid blob
 11984 | Slime:5  | Noticed an acid blob
 11985 | Slime:5  | Identified the +7 morningstar of Ru's Supremacy {freeze,
                  | *Noise Str+5 Int+4}
 11990 | Slime:5  | Got a slimy rune of Zot
 12002 | Slime:5  | Identified the ring of Conformity {rN+ MP+9 Int+2}
 12077 | Slime:5  | Noticed an acid blob
 12114 | Slime:4  | Noticed an acid blob
 12114 | Slime:4  | Noticed an azure jelly
 12137 | Slime:4  | Noticed a quicksilver ooze
 12147 | Slime:4  | Noticed a quicksilver ooze
 12161 | Slime:4  | Noticed an acid blob
 12366 | Slime:3  | Noticed an acid blob
 12411 | Slime:1  | Noticed an azure jelly
 12546 | Orc:1    | Entered Level 1 of the Orcish Mines
 12815 | Orc:1    | Lost mutation: You have acidic saliva. [Jiyva's grace]
 12815 | Orc:1    | Gained mutation: Your rubbery body absorbs attacks. (AC +1,
                  | EV +1) [Jiyva's grace]
 12815 | Orc:1    | Gained mutation: Your pliable body absorbs attacks. (AC +2,
                  | EV +2) [Jiyva's grace]
 12815 | Orc:1    | Gained mutation: Your gelatinous body deflects attacks. (AC
                  | +3, EV +3) [Jiyva's grace]
 12815 | Orc:1    | Gained mutation: You have large cloven feet. [Jiyva's
                  | grace]
 12822 | Orc:1    | Found a frozen archway.
 12831 | IceCv    | Entered an ice cave
 12958 | IceCv    | Noticed a reaper
 12969 | IceCv    | Killed a reaper
 12970 | IceCv    | Reached skill level 16 in Unarmed Combat
 13079 | IceCv    | Reached skill level 10 in Fighting
 13424 | Orc:2    | Entered Level 2 of the Orcish Mines
 13489 | Orc:2    | Found Vofeiffesk's Book Shop.
 13516 | Orc:2    | Found Cunyocee's Armour Shoppe.
 13626 | Orc:2    | Noticed an orc warlord
 13662 | Orc:2    | Killed an orc warlord
 13753 | Orc:2    | Found Afuto's Jewellery Shop.
 13753 | Orc:2    | Found Laczom's Book Shoppe.
 13786 | Orc:2    | Noticed Saint Roka
 13833 | Orc:2    | Killed Saint Roka
 13899 | Orc:2    | Found a burning altar of Makhleb.
 13977 | Orc:2    | Found a staircase to the Elven Halls.
 14067 | Orc:2    | Found Lalec's Jewellery Shop.
 14194 | Elf:1    | Entered Level 1 of the Elven Halls
 14196 | Elf:1    | Paralysed by an air elemental for 1 turns
 14200 | Elf:1    | Paralysed by an air elemental for 1 turns
 14412 | Lair:3   | Found a transporter.
 14415 | Lair:3   | Found a transporter.
 14422 | Lair:3   | Noticed Pooter's ghost (journeyman MiBe)
 14442 | Lair:3   | Found a bloodstained altar of Trog.
 14487 | Lair:3   | Reached XP level 15. HP: 149/149 MP: 14/14
 14556 | Lair:3   | Found a hole to the Spider Nest.
 14631 | Lair:3   | Found a staircase to the Shoals.
 14900 | Lair:3   | Lost mutation: You have large cloven feet. [Jiyva's grace]
 14900 | Lair:3   | Lost mutation: Your mind is acute. (Int +4, Str/Dex -1)
                  | [Jiyva's grace]
 14900 | Lair:3   | Lost mutation: You passively map a large area around you.
                  | [Jiyva's grace]
 14900 | Lair:3   | Lost mutation: You passively map the area around you.
                  | [Jiyva's grace]
 14900 | Lair:3   | Lost mutation: Your thick and shaggy fur keeps you warm.
                  | (AC +3, rC+) [Jiyva's grace]
 14900 | Lair:3   | Lost mutation: Your gelatinous body deflects attacks. (AC
                  | +3, EV +3) [Jiyva's grace]
 14900 | Lair:3   | Lost mutation: Your transparent skin significantly reduces
                  | your foes' accuracy. (Stealth+) [Jiyva's grace]
 14900 | Lair:3   | Gained mutation: You have an increased reservoir of magic.
                  | (+10% MP) [Jiyva's grace]
 14900 | Lair:3   | Gained mutation: You have a considerably increased
                  | reservoir of magic. (+20% MP) [Jiyva's grace]
 14900 | Lair:3   | Gained mutation: You have a greatly increased reservoir of
                  | magic. (+30% MP) [Jiyva's grace]
 14900 | Lair:3   | Gained mutation: Your spells are a little harder to cast,
                  | but a little more powerful. [Jiyva's grace]
 15007 | Lair:3   | HP: 5/149 [spriggan rider/+1 demon trident of flaming (15)]
 15007 | Lair:3   | Slain by a spriggan

Illustrated notes

Levels and vault maps discovered:
D:1:      mrwooster_arrival_arrow, layout_basic, shapermc_ecumenical_altar_gd
D:2:      layout_loops_corners, serial_shops, nicolae_square_shop
D:3:      layout_rooms, mainiacjoe_overflow_catwalk, portal_sewer_entry_b,
          uniq_jessica
D:4:      layout_loops_corners, chequers_serial_rivers_small_a,
          chequers_serial_rivers_small_b, uniq_pikel, uniq_menkaure
D:7:      layout_loops_cross, feat_on_display
D:8:      layout_loops_ring, pdpol_wu_jian_five_deadly_venoms,
          mainiacjoe_overflow_surrounded_room, xom_butterflies,
          tgw_kikubaaqudgha, old_standard_altar, uniq_maggie
D:9:      layout_loops_ring, david_lair_generic, uniq_harold
D:10:     layout_irregular_city, amcnicky_altar_gilded,
          makhleb_altar_promises_db, zombieorc1_lemuel,
          kennysheep_decorative_pillar, minmay_misc_feat_pillars
D:11:     kennysheep_blocky_hall, layout_loops_corners
D:12:     layout_rooms, serial_shops, shop
D:13:     layout_gridville, david_vaults_4, uniq_kirke, uniq_sonja
Lair:1:   layout_loops_ring, grunt_megastairs_4, serial_bayou_shore_a
Lair:2:   layout_cave_pods, fungi_pond_lemuel, infiniplex_staircase_pool_2,
          grunt_megastairs_2, uniq_amaemon
Lair:3:   layout_misc_corridors, elwin_shoals_entry_rooms,
          nicolae_spider_entry_orb_guardian, gammafunk_ghost_wrathful_warriors,
          grunt_megastairs_3
Lair:4:   layout_cave_shapes, slime_entry_1, hangedman_lair_unloving_vines,
          nzn_random_ring
Lair:5:   hellmonk_lair_end_abyssal_woods, layout_gridlike, basic_altar
Slime:1:  cheibrodos_slime_lost_civilization_8, layout_caves
Slime:2:  layout_caves, cheibrodos_slime_lost_civilization_6
Slime:3:  layout_caves, nicolae_slime_round_cave
Slime:4:  layout_caves
Slime:5
Orc:1:    layout_caves, portal_ice_cave_rime
Orc:2:    st_orc_town, layout_caves, basic_altar, serial_shops, shop_fountains,
          uniq_saint_roka
Elf:1:    nicolae_elf_arrival_aired_out, layout_gridlike, enter_trove_1,
          hangedman_elf_disciples

Skill      XL: |  1  2  3  4  5  6  7  8  9 10 11 12 13 14 |
---------------+-------------------------------------------+-----
Armour         | 1 2 4 6 7 8 10 11 12 | 12.9
Shields        | 1 2 3 4 5 6 8 9 10 | 10.8
Unarmed Combat | 4 6 8 9 11 12 14 15 16 | 16.6
Fighting       | 3 4 5 6 7 8 9 10 | 10.3
Throwing       | 1 4 6 7 |  7.5
Dodging        | |  2.5
Stealth        | |  1.1

Action                   |  1- 3 |  4- 6 |  7- 9 | 10-12 | 13-15 || total
-------------------------+-------+-------+-------+-------+-------++-------
Melee: Unarmed           |    78 |   132 |   155 |   471 |   889 ||  1725
       Punch             |       |     5 |    12 |    12 |       ||    29
       Kick              |       |    11 |     8 |       |   102 ||   121
       Bite              |       |       |    19 |    71 |    85 ||   175
Throw: Large rock        |       |       |       |    10 |    10 ||    20
       Stone             |       |       |       |     1 |       ||     1
Invok: Oozemancy         |       |       |     1 |       |     2 ||     3
  Use: Scroll            |     2 |     3 |     1 |     4 |     8 ||    18
       Potion            |       |     2 |       |       |     4 ||     6
 Stab: Distracted        |       |       |       |       |     2 ||     2
Armor: Gold dragon scale |    61 |   113 |   142 |   395 |   822 ||  1533
       Robe              |     2 |       |       |       |       ||     2
Dodge: Dodged            |     6 |     8 |    13 |    29 |   114 ||   170
Block: Tower shield      |       |     2 |       |   258 |   785 ||  1045

Table legend: (Time is in decaauts)
 A = Elapsed time spent in this place.
 B = Non-inter-level travel time spent in this place.
 C = Inter-level travel time spent in this place.
 D = Time resting spent in this place.
 E = Time spent auto-exploring this place.
 F = Levels seen in this place.
 G = Mean time per level.
                   A        B        C        D        E       F      G
               +--------+--------+--------+--------+--------+-----+--------+
         Total |  14990 |  13849 |   1141 |     23 |  10485 |  26 |  576.5 |
       Dungeon |   7138 |   6695 |    443 |      0 |   5360 |  11 |  648.9 |
          Lair |   4915 |   4483 |    432 |      0 |   3307 |   5 |  983.0 |
    Slime Pits |    959 |    792 |    167 |      0 |    749 |   5 |  191.8 |
  Orcish Mines |   1370 |   1272 |     98 |     23 |    772 |   2 |  685.0 |
   Elven Halls |     10 |     10 |      0 |      0 |      0 |   1 |   10.0 |
         Sewer |    260 |    260 |      0 |      0 |    108 |   1 |  260.0 |
      Ice Cave |    335 |    335 |      0 |      0 |    188 |   1 |  335.0 |
               +--------+--------+--------+--------+--------+-----+--------+

Top non-repeatable levels by time:
  Lair:5: 1240 daAuts
  Lair:2: 1167 daAuts
    D:10: 945 daAuts
    D:11: 930 daAuts
     D:2: 909 daAuts
     D:1: 903 daAuts
  Lair:3: 845 daAuts
  Lair:4: 841 daAuts
     D:8: 841 daAuts
   Orc:2: 827 daAuts
  Lair:1: 820 daAuts
     D:9: 767 daAuts
     D:7: 605 daAuts
   Orc:1: 543 daAuts
    D:12: 514 daAuts
